[gd_scene load_steps=8 format=1]

[ext_resource path="res://script/oso.gd" type="Script" id=1]
[ext_resource path="res://assets/Bear.png" type="Texture" id=2]

[sub_resource type="RectangleShape2D" id=1]

custom_solver_bias = 0.0
extents = Vector2( 40, 40 )

[sub_resource type="RectangleShape2D" id=2]

custom_solver_bias = 0.0
extents = Vector2( 90, 30 )

[sub_resource type="RectangleShape2D" id=3]

custom_solver_bias = 0.0
extents = Vector2( 30, 78.8889 )

[sub_resource type="Animation" id=4]

resource/name = "atacar"
length = 1.4
loop = false
step = 0.2
tracks/0/type = "value"
tracks/0/path = NodePath("Sprite:region_rect")
tracks/0/interp = 0
tracks/0/imported = false
tracks/0/keys = {
"times": FloatArray( 0, 0.2, 0.4, 0.6, 0.8, 1, 1.2 ),
"transitions": FloatArray( 1, 1, 1, 1, 1, 1, 1 ),
"update": 1,
"values": [ Rect2( 432, 144, 81, 54 ), Rect2( 18, 225, 72, 63 ), Rect2( 99, 207, 63, 81 ), Rect2( 162, 216, 90, 72 ), Rect2( 252, 216, 72, 72 ), Rect2( 324, 216, 72, 72 ), Rect2( 396, 234, 81, 54 ) ]
}

[sub_resource type="Animation" id=5]

resource/name = "rest"
length = 1.2
loop = true
step = 0.2
tracks/0/type = "value"
tracks/0/path = NodePath("Sprite:region_rect")
tracks/0/interp = 1
tracks/0/imported = false
tracks/0/keys = {
"times": FloatArray( 0, 0.2, 0.4, 0.6, 0.8, 1 ),
"transitions": FloatArray( 1, 1, 1, 1, 1, 1 ),
"update": 1,
"values": [ Rect2( 20, 10, 80, 60 ), Rect2( 100, 10, 80, 60 ), Rect2( 180, 10, 90, 60 ), Rect2( 270, 10, 80, 60 ), Rect2( 350, 10, 90, 60 ), Rect2( 440, 10, 80, 60 ) ]
}

[node name="oso" type="KinematicBody2D"]

transform/pos = Vector2( -1, 1 )
transform/scale = Vector2( 0.9, 0.9 )
input/pickable = false
shapes/0/shape = SubResource( 1 )
shapes/0/transform = Matrix32( 1, 0, 0, 1, 0, 0 )
shapes/0/trigger = false
collision/layers = 1
collision/mask = 1
collision/margin = 0.08
script/script = ExtResource( 1 )
__meta__ = {
"_edit_group_": true
}

[node name="CollisionShape2D" type="CollisionShape2D" parent="."]

shape = SubResource( 1 )
trigger = false
_update_shape_index = 0

[node name="Area2D" type="Area2D" parent="."]

input/pickable = true
shapes/0/shape = SubResource( 2 )
shapes/0/transform = Matrix32( 1, 0, 0, 1, 0, 0 )
shapes/0/trigger = true
shapes/1/shape = SubResource( 3 )
shapes/1/transform = Matrix32( 1, 0, 0, 1, 0, 0 )
shapes/1/trigger = true
gravity_vec = Vector2( 0, 1 )
gravity = 98.0
linear_damp = 0.1
angular_damp = 1.0

[node name="CollisionShape2D" type="CollisionShape2D" parent="Area2D"]

shape = SubResource( 2 )
trigger = true
_update_shape_index = 0

[node name="CollisionShape2D 2" type="CollisionShape2D" parent="Area2D"]

shape = SubResource( 3 )
trigger = true
_update_shape_index = 1

[node name="Sprite" type="Sprite" parent="."]

visibility/blend_mode = 4
texture = ExtResource( 2 )
vframes = 5
hframes = 6
frame = 2
region = true
region_rect = Rect2( 440, 10, 80, 60 )

[node name="Timer" type="Timer" parent="."]

process_mode = 1
wait_time = 1.0
one_shot = true
autostart = false

[node name="Timer 2" type="Timer" parent="."]

process_mode = 1
wait_time = 1.0
one_shot = false
autostart = true

[node name="AnimationPlayer" type="AnimationPlayer" parent="."]

playback/process_mode = 1
playback/default_blend_time = 0.0
root/root = NodePath("..")
anims/atacar = SubResource( 4 )
anims/rest = SubResource( 5 )
playback/active = true
playback/speed = 1.27
blend_times = [  ]
autoplay = "rest"

[connection signal="timeout" from="Timer" to="." method="_on_Timer_timeout"]

[connection signal="timeout" from="Timer 2" to="." method="_on_Timer_2_timeout"]


